 Dungeon Crawl Stone Soup version 0.21-a0-278-ga722497 (webtiles) character file.

246052 RKaid the Fencer (level 18, -11/149 HPs)
             Began as a Vampire Chaos Knight on Sept 17, 2017.
             Shot with an arrow by a satyr (18 damage)
             ... on level 4 of the Shoals on Sept 22, 2017.
             The game lasted 05:01:13 (46745 turns).

RKaid the Fencer (Vampire Chaos Knight)            Turns: 46745, Time: 05:01:28

Health: -11/149    AC:  0    Str: 11 (12) XL:     18   Next: 78%
Magic:  23/25      EV: 38    Int: 17 (20) God:    Xom [......]
Gold:   2231       SH:  0    Dex: 19 (20) Spells: 13/23 levels left

rFire    . . .     SeeInvis +   (weapon currently unavailable)
rCold    . . .     Gourm    .   (shield currently unavailable)
rNeg     + . .     Faith    .   (armour currently unavailable)
rPois    .         Spirit   .   (helmet currently unavailable)
rElec    .         Reflect  .   (cloak currently unavailable)
rCorr    .         Harm     .   (gloves currently unavailable)
MR       ++...                  (boots currently unavailable)
Stlth    +++++++...             g - amulet of regeneration {+regen}
HPRegen  0.74/turn              (ring currently unavailable)
MPRegen  0.19/turn              (ring currently unavailable)

@: bat-form, flying, very slightly contaminated, very quick
A: fangs 3, repulsion field 1, see invisible, deterioration 1, magic resistance
1, wild magic 2
}: 2/15 runes: barnacled, gossamer
a: End Transformation, Renounce Religion


You were on level 4 of the Shoals.
You worshipped Xom.
You were a very special plaything of Xom.
You were not thirsty.
You were in vampire-bat-form.
You visited 6 branches of the dungeon, and saw 34 of its levels.
You also visited: Ice Cave.

You collected 3549 gold pieces.
You spent 1318 gold pieces at shops.

Inventory:

Hand Weapons
 a - a +2 great sword of venom
   (You found it on level 12 of the Dungeon)
 b - a +1 scimitar of protection
   (You took it off an orc warrior on level 11 of the Dungeon)
 c - the +6 scimitar of Stickiness (melded) {freeze, rF+ Str+4}
   (You found it on level 4 of the Spider Nest)

   It has been specially enchanted to freeze those struck by it, causing extra
   injury to most foes and up to half again as much damage against particularly
   susceptible opponents.
   It can also slow down cold-blooded creatures.
   It affects your strength (+4).
   It protects you from fire.
 s - a +2 hunting sling of freezing
   (You took it off a faun on level 1 of the Shoals)
 v - the +2 long sword of Contradiction {drain, rC- rN+ MR+ Int+2}
   (You found it on level 3 of the Lair of Beasts)

   A truly terrible weapon, it drains the life of those it strikes.
   It affects your intelligence (+2).
   It makes you vulnerable to cold.
   It protects you from negative energy.
   It affects your resistance to hostile enchantments.
 N - the +3 great sword "X" {elec, *Corrode MR+ Int+5}
   (You found it on level 2 of the Spider Nest)

   Occasionally, upon striking a foe, it will discharge some electrical energy
   and cause terrible harm.
   It affects your intelligence (+5).
   It affects your resistance to hostile enchantments.
   It may corrode you when you take damage.
 U - a +3 scimitar of flaming
   (You took it off Azrael on level 1 of the Elven Halls)
Missiles
 F - 15 throwing nets (quivered) {=f}
 V - 168 sling bullets
Armour
 e - a +0 pair of boots (melded)
   (You bought it in a shop on level 2 of the Orcish Mines)
 f - a +2 cloak of invisibility (melded)
   (You bought it in a shop on level 6 of the Dungeon)
 k - a +2 shield of fire resistance (melded)
   (You took it off a tengu warrior on level 1 of the Shoals)
 I - a +3 troll leather armour (melded) {regen}
   (You found it on level 1 of the Orcish Mines)
 S - a scarf of repulsion
   (You found it on level 1 of the Lair of Beasts)
 T - the +3 leather armour of Recklessness {MR+ Int+2}
   (You took it off a merfolk javelineer on level 4 of the Shoals)

   It affects your intelligence (+2).
   It affects your resistance to hostile enchantments.
 W - a +0 pair of gloves (melded)
   (You found it on level 2 of the Lair of Beasts)
Magical Staves
 w - an uncursed staff of wizardry {wiz+, !a}
   (You found it on level 9 of the Dungeon)
Jewellery
 g - an amulet of regeneration (around neck) {+regen}
   (You found it on level 3 of the Dungeon)
 r - the ring "Ycraq" (melded) {rElec MR+ Stlth+}
   (You found it on level 12 of the Dungeon)

   [ring of stealth]

   It insulates you from electricity.
   It affects your resistance to hostile enchantments.
   It makes you more stealthy.
 M - an uncursed ring of protection from cold {rC+}
   (You found it on level 9 of the Dungeon)
 O - an uncursed ring of protection from fire {rF+}
   (You took it off a vampire on level 9 of the Dungeon)
 Z - a ring of poison resistance (melded) {rPois}
   (You found it on level 2 of the Shoals)
Wands
 t - a wand of iceblast (0/15)
   (You found it on level 5 of the Dungeon)
 A - a wand of acid (11/15)
   (You found it on level 3 of the Lair of Beasts)
 C - a wand of clouds (1/9)
   (You bought it in a shop on level 2 of the Orcish Mines)
 D - a wand of digging (12/24)
   (You found it on level 6 of the Dungeon)
 P - a wand of scattershot (4/9)
   (You found it on level 14 of the Dungeon)
 X - a wand of confusion (16/48)
   (You found it on level 1 of the Elven Halls)
Scrolls
 i - 4 scrolls of identify
 j - 12 scrolls of teleportation
 l - 5 scrolls of fog
 o - 2 scrolls of remove curse
 y - 5 scrolls of recharging
 E - 3 scrolls of magic mapping {!r}
 G - a scroll of enchant weapon
 K - 4 scrolls of enchant armour
 Q - a scroll of blinking {!r}
 R - 2 scrolls of summoning
Potions
 d - 6 potions of curing
 h - 4 potions of might
 m - 5 potions of invisibility
 p - 7 potions of haste
 q - 13 potions of blood {@q1}
 u - 5 potions of magic
 x - 2 potions of berserk rage {!q}
 z - 3 potions of resistance
 B - 4 potions of ambrosia
 H - 2 potions of cancellation
 J - 2 potions of flight
 L - 4 potions of brilliance
 Y - 4 potions of agility


   Skills:
 + Level 15.4 Fighting
   Level 3.6(13.5) Short Blades
 + Level 18.0(18.1) Long Blades
 - Level 5.2 Armour
 - Level 16.5 Dodging
 - Level 12.0 Stealth
 - Level 8.0 Shields
 - Level 3.0 Spellcasting
 - Level 8.0 Hexes
 - Level 3.0 Translocations
 - Level 10.0 Evocations


You had 13 spell levels left.
You knew the following spells:

 Your Spells              Type           Power        Failure   Level  Hunger
a - Ensorcelled Hibernat  Hex/Ice        ####..       12%         2    ##.....
b - Tukima's Dance        Hex            #####...     6%          3    ###....
c - Confuse               Hex            #####...     6%          3    ###....
B - Blink                 Tloc           N/A          17%         2    ##.....


Dungeon Overview and Level Annotations

Branches:
Dungeon (15/15)            Temple (0/1) D:6            Lair (6/6) D:11
 Shoals (4/4) Lair:3       Spider (4/4) Lair:4        Slime (0/5) Lair:5
    Orc (2/2) D:11            Elf (3/3) Orc:2        Vaults (0/5) D:13
 Depths (0/5) D:15

Altars:
Ashenzari
Elyvilon
Gozag
Hepliaklqana
Qazlal
Ru
Vehumet
Xom
The Shining One

Shops:
D:6 [   Orc:1 }   Orc:2 }[**   Elf:2 }==!

Portals:
Pandemonium: Orc:2

Annotations:
Lair:1 exclusions: oklob plant and 2 more exclusions
Lair:4 exclusion: molten gargoyle
Spider:1 exclusion: Roxanne, Roxanne
Elf:1 1 exclusion
Elf:2 5 runed doors, exclusion: dancing weapon
Elf:3 1 exclusion


Innate Abilities, Weirdness & Mutations

You have razor-sharp teeth.
You have supernaturally acute eyesight. (SInv)
((You can survive without breathing.))
((You have a pair of small horns on your head.))
((You have razor-sharp toenails.))
You are surrounded by a mild repulsion field. (EV +2)
((You are mostly covered in yellow scales. (AC +3)))
Your body sometimes deteriorates upon taking damage.
You are resistant to hostile enchantments. (MR+)
Your spells are harder to cast, but more powerful.


Message History

You block the sea snake's attack.
You barely miss the sea snake. Your headbutt misses the sea snake.
You block the sea snake's attack.
You barely miss the sea snake. Your headbutt misses the sea snake.
You closely miss the sea snake. You block the sea snake's attack.
Your unstable footing causes you to fumble your attack.
The sea snake barely misses you.
You riposte.
You miss the sea snake. You headbutt the sea snake. You slash the sea snake!
The sea snake seems to slow down.
You freeze the sea snake.
You kill the sea snake!
You enter the shallow water.
Moving in this stuff is going to be slow.
Yummy - fresh blood!
Yummy - fresh blood!
Splash!
You fall into the shallow water.
Moving in this stuff is going to be slow.
You enter the shallow water.
Moving in this stuff is going to be slow.
The satyr is too close now for your liking.
The satyr shouts!
The satyr shoots an arrow.
The arrow misses you.
You hear a splash.
The satyr shoots an arrow.
The arrow hits you!
Your body deteriorates!
You feel weakened.
The satyr shoots an arrow.
You block the arrow.
You hear a splash.
The satyr shoots an arrow.
The arrow hits you!!!
Your body deteriorates!
You feel dopey.
You hear a splash. 2 harpies come into view.
You see here 2 arrows.
The satyr shoots an arrow.
The arrow hits you.
You hear a splash.
A harpy comes into view.
You see here an arrow.
The harpy screeches! x2
The satyr shoots an arrow.
The arrow hits you!
You hear a splash.
You block the harpy's attack. x2
You see here an arrow.
The harpy screeches!
You block the harpy's attack. The harpy completely misses you.
You block the harpy's attack. The harpy misses you.
The satyr shoots an arrow.
The arrow completely misses you.
You hear a splash.
The harpy barely misses you.
You riposte.
You slash the harpy! You freeze the harpy. You headbutt the harpy!
The harpy barely misses you.
You slash the satyr! You freeze the satyr. The harpy closely misses you.
You riposte.
You slice the harpy!! You freeze the harpy.
You kill the harpy!
Your Spellcasting skill increases to level 3!
The harpy barely misses you. x2; The satyr shoots an arrow.
The arrow hits you!!
You hear a splash.
The harpy misses you. You block the harpy's attack.
You completely miss the satyr. You headbutt the satyr.
You bite the satyr, but do no damage. The harpy completely misses you.
You block the harpy's attack. The harpy claws you! The harpy barely misses you.
The harpy misses you.
You riposte.
You slice the harpy!! You freeze the harpy.
The harpy claws you but does no damage.
Your unstable footing causes you to fumble your attack.
Xom's malign attention turns to you for a moment.
You feel dopey. The harpy completely misses you.
You block the harpy's attack. x2
The harpy claws you.
The satyr shoots an arrow.
The arrow hits you!
* * * LOW HITPOINT WARNING * * *
You hear a splash.
You fly out of the water as you turn into a vampire bat.
The +6 scimitar of Stickiness {freeze, rF+ Str+4} melds into your body.
Your +2 cloak of invisibility melds into your body.
Your +0 pair of gloves melds into your body.
Your +0 pair of boots melds into your body.
Your +2 shield of fire resistance melds into your body.
Your +3 troll leather armour {regen} melds into your body.
Your ring of poison resistance {rPois} melds into your body.
The ring "Ycraq" {rElec MR+ Stlth+} melds into your body.
The +6 scimitar of Stickiness {freeze, rF+ Str+4} stops glowing.
You feel less resistant to fire. The harpy claws you!
* * * LOW HITPOINT WARNING * * *
Xom thinks this is hilarious!
The harpy completely misses you. x5; The satyr shoots an arrow.
The arrow completely misses you.
The arrow barely misses the harpy.
You hear a splash.
The harpy claws you!
* * * LOW HITPOINT WARNING * * *
The harpy closely misses you.
You feel better. The harpy completely misses you. The harpy claws you!
* * * LOW HITPOINT WARNING * * *
The harpy completely misses you. The harpy claws you.
* * * LOW HITPOINT WARNING * * *
Okay, then.
Really read
Q - 2 scrolls of blinking {!r}?
Blink to where?
Press: ? - help, Dir - move target cursor You are very lightly contaminated with residual magic.
As you read the scroll of blinking {!r}, it crumbles to dust.
The satyr shoots an arrow.
The arrow hits you!!
You die...
Xom guffaws!

≈≈≈≈≈≈≈≈≈≈≈≈≈≈≈≈≈≈≈≈≈≈≈≈≈≈≈≈≈≈
#≈#≈≈##≈≈≈≈≈≈≈≈≈≈≈≈≈≈≈≈≈≈≈≈≈≈≈
#######..≈≈≈≈≈≈≈≈≈≈≈(≈≈≈≈≈≈≈≈≈
#≈#≈≈≈##.≈≈≈≈≈.)...≈≈≈≈≈≈≈≈≈≈≈
≈≈≈≈≈≈≈##≈≈≈≈.....(≈≈≈≈≈≈≈≈≈≈≈
≈≈#≈#≈###≈≈≈≈..(..(≈≈≈≈≈≈≈≈≈.≈
≈≈≈.≈≈≈##≈≈≈≈.....≈≈≈≈≈≈(≈≈..≈
≈≈#≈#≈###≈≈≈≈≈..[((≈((≈≈.....≈
≈≈≈≈≈≈≈##≈≈≈≈≈≈.b[)(<(≈≈.....≈
#.##≈≈≈##≈≈≈≈≈≈≈≈≈≈[)=≈≈.....≈
#######≈≈≈≈≈≈≈≈≈≈≈≈≈))≈≈.....≈
≈#≈≈≈≈≈≈≈≈≈≈≈H≈≈≈≈≈≈≈(≈≈.....≈
≈≈≈≈≈≈≈≈≈≈≈≈≈≈≈≈(≈≈≈≈[≈≈......
≈≈≈≈≈(≈≈H(≈†≈(≈≈≈_≈≈≈≈≈≈......
≈≈≈≈≈(≈≈≈≈((≈≈≈≈≈≈≈≈≈_≈≈.......
≈≈≈≈≈≈≈≈≈§≈c≈(≈≈≈≈≈≈≈≈≈≈....... ≈
≈≈≈≈≈≈≈≈≈≈≈≈≈≈≈≈≈≈≈≈≈..........≈≈


You could see a satyr and a harpy.

Vanquished Creatures
  A caustic shrike (Spider:4)
  Jorgrun (Spider:4)
  Frances (Spider:1)
  Kirke (Lair:4)
  Ilsuiw (Shoals:4)
  2 frost giants
  A deep elf sorcerer (Elf:1)
  4 ghost moths (Spider:4)
  3 emperor scorpions (Spider:4)
  An entropy weaver (Spider:2)
  A spark wasp (Spider:4)
  A spark wasp (shapeshifter) (D:15)
  Azrael (Elf:1)
  5 merfolk impalers
  7 merfolk javelineers
  A fire dragon (D:13)
  Josephine (D:9)
  A deep elf high priest (Elf:2)
  A vault guard (D:13)
  8 hydras
  2 centaur warriors
  A satyr (Shoals:3)
  2 two-headed ogres
  5 merfolk aquamancers
  A death knight (D:13)
  13 dancing weapons
  A death yak (IceCv)
  2 alligator snapping turtles
  2 tengu warriors
  7 deep elf knights
  Sonja (D:10)
  4 orc high priests (Orc:2)
  A sun demon (Orc:2)
  A skeletal warrior (D:12)
  A glowing orange brain (D:15)
  12 sea snakes
  A gelid demonspawn (Orc:2)
  3 unseen horrors
  9 deep elf archers
  An orange crystal statue (D:14)
  4 orc knights (Orc:2)
  2 anacondas
  3 necromancers
  2 wizards (Elf:1)
  2 phantasmal warriors (D:13)
  Pikel (D:6)
  8 harpies
  17 orb spiders
  4 fauns (Shoals:1)
  An oklob plant (D:11)
  45 deep elf magi
  17 manticores
  17 wolf spiders
  6 ugly things
  5 cyclopes
  A shining eye (shapeshifter) (D:13)
  10 orc sorcerers
  A moth of wrath (Spider:4)
  5 black mambas
  10 elephants
  A moth of wrath (shapeshifter) (D:13)
  An ice statue (IceCv)
  Maurice (D:9)
  2 gargoyles
  5 water nymphs
  2 centaur zombies
  10 merfolk sirens
  A smoke demon (Orc:2)
  A kobold demonologist (D:10)
  21 spiny frogs
  3 rime drakes
  A yaktaur (D:13)
  A tengu conjurer (Shoals:1)
  8 komodo dragons
  4 demonic crawlers
  10 polar bears (IceCv)
  A hellwing (Orc:2)
  5 trolls
  4 tyrant leeches
  7 wind drakes
  A meliai (Lair:5)
  32 merfolk
  A queen bee (D:9)
  38 jumping spiders
  10 hornets
  9 blink frogs
  11 slime creatures
  A raiju (D:6)
  12 dream sheep
  8 hippogriffs
  3 snapping turtles
  3 shadows
  An air elemental (Elf:1)
  15 water elementals
  54 redbacks
  8 wraiths
  A vampire (D:9)
  19 tarantellas
  A wyvern (Lair:6)
  A redback (shapeshifter) (D:15)
  A fire bat (D:8)
  57 yaks
  19 humans (D:13)
  2 basilisks
  5 hogs
  A golden eye (Lair:6)
  A hungry ghost (D:7)
  5 vampire mosquitoes
  8 fire elementals
  2 golden eyes (shapeshifter)
  2 neqoxecs (Orc:2)
  A steam dragon (D:13)
  A soldier ant (shapeshifter) (D:14)
  A warg (Lair:6)
  4 acid dragons
  10 water moccasins
  A soldier ant (Orc:1)
  7 porcupines
  A sky beast (D:7)
  A slave (D:6)
  2 phantoms
  35 orc warriors
  A hornet zombie (D:14)
  An eye of draining (D:13)
  3 black bears
  2 ice beasts
  18 ogres
  2 necrophages
  21 wolves
  A boggart (Elf:1)
  18 centaurs
  14 crocodiles
  18 big kobolds
  27 bullfrogs
  3 earth elementals (Elf:2)
  A wyvern skeleton (D:8)
  A wyvern zombie (D:9)
  2 scorpions
  23 killer bees
  4 howler monkeys
  4 electric eels
  6 crimson imps
  2 bullfrog zombies
  2 quasits
  7 hounds
  3 jellies
  31 orc priests
  3 bullfrog skeletons
  22 orc wizards
  4 centaur skeletons
  3 iguanas
  5 hell rats (Lair:3)
  12 worker ants
  A yak simulacrum (Lair:5)
  5 polar bear simulacra (Lair:5)
  A wolf simulacrum (Lair:5)
  8 adders
  3 gnolls (D:5)
  3 river rats (Lair:3)
  3 shadow imps
  11 white imps (Lair:6)
  4 oozes
  3 adder skeletons
  4 worms
  A dart slug (D:1)
  12 leopard geckos
  91 orcs
  8 giant cockroaches
  A hobgoblin (D:3)
  8 jackals
  A jackal (shapeshifter) (D:10)
  23 kobolds
  4 quokkas
  A ball python (D:3)
  5 bats
  4 frilled lizards
  3 goblins
  A leopard gecko skeleton (D:4)
  A quokka skeleton (D:7)
  12 rats
  4 river rat simulacra (Lair:5)
  A fire vortex (Lair:4)
  A fungus (Lair:5)
  A plant (D:11)
1252 creatures vanquished.

Vanquished Creatures (collateral kills)
  An emperor scorpion (Spider:3)
  A spark wasp (Spider:3)
  A vault guard (D:13)
  A hydra (Lair:6)
  A two-headed ogre (D:8)
  A merfolk aquamancer (Shoals:4)
  2 gelid demonspawn (Orc:2)
  3 orb spiders
  A manticore (Shoals:1)
  A deep elf mage (Elf:3)
  2 fauns (Shoals:1)
  4 elephants (Lair:6)
  A water nymph (Shoals:1)
  9 spiny frogs
  2 merfolk (Shoals:1)
  A polar bear (IceCv)
  2 tyrant leeches (Lair:6)
  A hornet (Spider:4)
  4 blink frogs (Lair:6)
  A snapping turtle (Shoals:4)
  3 redbacks (Spider:3)
  A water elemental (Elf:3)
  A hog (Lair:4)
  A human (D:13)
  A vampire mosquito (Lair:6)
  A steam dragon (D:8)
  2 water moccasins
  An orc warrior (Elf:3)
  A slave (D:6)
  A wolf (IceCv)
  An ogre (D:4)
  3 bullfrogs
  A wyvern skeleton (D:7)
  An electric eel (Lair:6)
  3 orc priests
  A hound (D:6)
  An orc wizard (D:8)
  A white imp (Lair:6)
  2 orcs
  A fungus (Lair:6)
  A plant (Shoals:1)
69 creatures vanquished.

Vanquished Creatures (others)
  2 merfolk impalers
  2 dancing weapons
  A harpy (Shoals:4)
  2 blink frogs (Lair:6)
  A spiny frog (Lair:6)
  A polar bear (IceCv)
  A jumping spider (Lair:6)
  2 slime creatures
  A yak (Lair:2)
  A slave (D:9)
  2 ogres
  4 wolves
  A wyvern skeleton (D:13)
  A killer bee (D:9)
  A river rat (Lair:5)
  An orc (D:10)
  A bush (Lair:6)
  A fire vortex (Lair:4)
  16 fungi
  61 plants
103 creatures vanquished.

Grand Total: 1424 creatures vanquished

Notes
Turn   | Place    | Note
-------+----------+-------------------------------------------
     0 | D:1      | RKaid the Vampire Chaos Knight began the quest for the Orb.
     0 | D:1      | Reached XP level 1. HP: 17/17 MP: 1/1
    12 | D:1      | XOM: harmless Fire miscast
   161 | D:1      | Reached skill level 1 in Stealth
   199 | D:1      | XOM: silly message
   271 | D:1      | Reached XP level 2. HP: 18/23 MP: 2/2
   521 | D:1      | XOM: divination: detect creatures
   616 | D:2      | XOM: silly message
   649 | D:2      | Reached skill level 3 in Fighting
   694 | D:2      | Reached XP level 3. HP: 28/29 MP: 3/3
  1054 | D:3      | XOM: mild Tmut miscast
  1098 | D:3      | XOM: divination: detect creatures
  1099 | D:3      | Reached skill level 2 in Stealth
  1195 | D:3      | Reached skill level 3 in Dodging
  1195 | D:3      | Reached XP level 4. HP: 30/35 MP: 4/4
  1314 | D:3      | Found a white marble altar of Elyvilon.
  1346 | D:3      | XOM: potion effect (heal wounds)
  1352 | D:3      | Reached skill level 4 in Long Blades
  1361 | D:3      | Reached XP level 5. HP: 19/41 MP: 5/5
  1824 | D:4      | XOM: potion effect (haste)
  1828 | D:4      | Reached skill level 3 in Stealth
  1828 | D:4      | Reached XP level 6. HP: 27/47 MP: 6/6
  1960 | D:4      | Reached skill level 5 in Long Blades
  1965 | D:4      | XOM: smoke on damage
  2104 | D:4      | Reached skill level 4 in Dodging
  2133 | D:4      | XOM: cloud trail
  2261 | D:4      | XOM: cast spell 'Summon Hydra'
  2624 | D:4      | Reached skill level 4 in Stealth
  2627 | D:4      | XOM: potion effect (haste)
  2641 | D:4      | Reached skill level 4 in Fighting
  2673 | D:4      | XOM: harmless Ice miscast
  2755 | D:5      | Entered Level 5 of the Dungeon
  2820 | D:5      | Reached XP level 7. HP: 54/54 MP: 7/7
  2875 | D:5      | XOM: 1-stop teleportation journey
  2914 | D:5      | Reached skill level 6 in Long Blades
  3001 | D:5      | XOM: give mutations
  3001 | D:5      | Gained mutation: You are surrounded by a mild repulsion field. (EV +2) [Xom's mischief]
  3001 | D:5      | Gained mutation: You are clumsy. (Dex -2) [Xom's mischief]
  3001 | D:5      | Gained mutation: You tend to lose your temper in combat. [Xom's mischief]
  3001 | D:5      | Gained mutation: You are very clumsy. (Dex -4) [Xom's mischief]
  3025 | D:5      | XOM: cloud trail
  3231 | D:5      | XOM: give mutations
  3231 | D:5      | Gained mutation: You have large cloven feet. [Xom's grace]
  3231 | D:5      | Gained mutation: Your mind is acute. (Int +2) [Xom's grace]
  3231 | D:5      | Gained mutation: You have a pair of small antennae on your head. [Xom's grace]
  3231 | D:5      | Gained mutation: You have a pair of antennae on your head. [Xom's grace]
  3315 | D:5      | Got a slimy shortbow
  3316 | D:5      | Identified the +5 shortbow of Neguc {freeze, rC+ SInv} (You found it on level 5 of the Dungeon)
  3372 | D:5      | Found a shimmering altar of Xom.
  3385 | D:5      | Found a stormy altar of Qazlal.
  3642 | D:6      | Found a hazy altar of Hepliaklqana.
  3826 | D:6      | XOM: summons 2 friendly demons
  3830 | D:6      | XOM: enchant monster (good)
  3834 | D:6      | Reached skill level 5 in Stealth
  3857 | D:6      | XOM: butterfly on damage
  3859 | D:6      | XOM: summons 7 friendly demons
  3868 | D:6      | Found Fyrid's Antique Armour Emporium.
  3871 | D:6      | Bought an embroidered cloak for 202 gold pieces
  3890 | D:6      | XOM: god gift: amulet of guardian spirit {god gift}
  3947 | D:6      | Noticed a wyvern
  3947 | D:6      | a slave changed into a wyvern
  3947 | D:6      | XOM: polymorph slave -> wyvern
  3987 | D:6      | XOM: summons 7 friendly demons
  4178 | D:6      | a wyvern changed into a worm
  4178 | D:6      | XOM: polymorph wyvern -> worm
  4185 | D:6      | XOM: smoke on damage
  4207 | D:6      | Reached skill level 5 in Dodging
  4292 | D:6      | XOM: cloud trail
  4353 | D:6      | Reached skill level 1 in Evocations
  4353 | D:6      | Reached XP level 8. HP: 61/61 MP: 8/8
  4393 | D:6      | XOM: enchant monster (good)
  4394 | D:6      | Reached skill level 7 in Long Blades
  4509 | D:6      | Noticed Pikel
  4519 | D:6      | XOM: scenery: 3 doors close
  4567 | D:6      | Found a staircase to the Ecumenical Temple.
  4576 | D:6      | Learned a level 2 spell: Blink
  4603 | D:6      | Noticed a two-headed ogre
  4707 | D:7      | XOM: fog
  4733 | D:7      | XOM: 2-stop teleportation journey
  4734 | D:7      | Noticed a hippogriff
  4744 | D:6      | Reached skill level 5 in Fighting
  4755 | D:6      | Noticed a raiju
  4755 | D:6      | a hippogriff changed into a raiju
  4755 | D:6      | XOM: polymorph hippogriff -> raiju
  4757 | D:6      | Killed a raiju
  4757 | D:6      | Reached skill level 2 in Evocations
  4768 | D:6      | XOM: fog
  4867 | D:7      | XOM: potion effect (haste)
  4896 | D:7      | Reached skill level 8 in Long Blades
  4993 | D:7      | Noticed a two-headed ogre
  5019 | D:7      | XOM: summons 2 friendly demons
  5026 | D:7      | Reached skill level 6 in Dodging
  5106 | D:7      | XOM: confuse monster(s)
  5108 | D:7      | XOM: cast spell 'Death Channel'
  5111 | D:7      | Reached XP level 9. HP: 68/68 MP: 11/11
  5150 | D:7      | XOM: fog
  5154 | D:7      | XOM: summons 5 friendly demons
  5170 | D:6      | a two-headed ogre changed into a slime creature
  5170 | D:6      | XOM: polymorph two-headed ogre -> slime creature
  5172 | D:6      | XOM: blink monster(s)
  5185 | D:6      | Killed Pikel
  5185 | D:6      | Reached skill level 3 in Evocations
  5190 | D:6      | Reached skill level 9 in Long Blades
  5320 | D:7      | XOM: torment (43/69 hp)
  5552 | D:7      | XOM: give mutations
  5552 | D:7      | Lost mutation: You are very clumsy. (Dex -4) [Xom's mischief]
  5552 | D:7      | Lost mutation: You tend to lose your temper in combat. [Xom's mischief]
  5552 | D:7      | Lost mutation: You are clumsy. (Dex -2) [Xom's mischief]
  5786 | D:8      | Found a shattered altar of Ashenzari.
  5786 | D:8      | Found an opulent altar of Gozag.
  5838 | D:8      | XOM: polymorph scorpion -> fire bat
  5853 | D:8      | Reached skill level 6 in Fighting
  5863 | D:8      | XOM: stat loss: -1 Dex (13/14)
  5879 | D:8      | XOM: chaos upgrade
  5885 | D:8      | Noticed a two-headed ogre
  5922 | D:7      | Reached skill level 7 in Dodging
  5984 | D:7      | Reached skill level 4 in Evocations
  6095 | D:7      | XOM: medium Chrm miscast
  6226 | D:8      | XOM: chaos upgrade
  6228 | D:8      | XOM: confuse monster(s)
  6279 | D:8      | Reached XP level 10. HP: 77/77 MP: 13/13
  6299 | D:8      | XOM: god gift: amulet of guardian spirit {god gift}
  6304 | D:7      | XOM: blink monster(s)
  6308 | D:7      | Reached skill level 10 in Long Blades
  6431 | D:8      | XOM: repel stairs
  6435 | D:8      | XOM: polymorph killer bee -> steam dragon
  6438 | D:8      | XOM: harmless Chrm miscast
  6448 | D:8      | Killed a two-headed ogre
  6577 | D:8      | XOM: 2-stop teleportation journey
  6951 | D:9      | XOM: confusion (+ monsters)
  6953 | D:9      | XOM: divination: detect creatures
  6962 | D:9      | Noticed a red ugly thing
  7031 | D:8      | XOM: stat loss: -1 Int (19/20)
  7206 | D:9      | XOM: mild Tmut miscast
  7208 | D:9      | XOM: summons 2 hostile demons
  7286 | D:9      | XOM: chaos upgrade
  7335 | D:9      | XOM: silly message
  7395 | D:9      | Noticed an eight-headed hydra
  7397 | D:9      | XOM: draining
  7401 | D:9      | Upgraded the game from 0.21-a0-273-g0785366 to 0.21-a0-274-gc1afaeb
  7411 | D:9      | XOM: cast spell 'Ring of Flames'
  7416 | D:9      | Reached skill level 8 in Dodging
  7417 | D:9      | XOM: mild Necr miscast
  7418 | D:9      | XOM: smoke on damage
  7421 | D:9      | XOM: harmless Conj miscast
  7423 | D:9      | Killed an eight-headed hydra
  7423 | D:9      | Reached skill level 7 in Fighting
  7423 | D:9      | Reached skill level 5 in Evocations
  7424 | D:9      | XOM: blink monster(s)
  7520 | D:9      | Found a sacrificial altar of Ru.
  7678 | D:9      | Reached skill level 11 in Long Blades
  7809 | D:9      | XOM: cast spell 'Monstrous Menagerie'
  7852 | D:9      | XOM: give mutations
  7852 | D:9      | Gained mutation: Your body sometimes deteriorates upon taking damage. [Xom's mischief]
  7852 | D:9      | Lost mutation: Your mind is acute. (Int +2) [Xom's mischief]
  7852 | D:9      | Lost mutation: You have a pair of antennae on your head. [Xom's mischief]
  7852 | D:9      | Lost mutation: You have a pair of small antennae on your head. [Xom's mischief]
  7883 | D:9      | XOM: summons 1 hostile demon
  7919 | D:9      | XOM: give mutations
  7919 | D:9      | Gained mutation: You are frail. (-10% HP) [Xom's mischief]
  7919 | D:9      | Lost mutation: You are frail. (-10% HP) [Xom's mischief]
  7921 | D:9      | XOM: give mutations
  7921 | D:9      | Gained mutation: Your spells are a little harder to cast, but a little more powerful. [Xom's grace]
  7921 | D:9      | Gained mutation: You are covered in fur. (AC +1) [Xom's grace]
  7921 | D:9      | Gained mutation: You are resistant to hostile enchantments. (MR+) [Xom's grace]
  8094 | D:9      | XOM: give mutations
  8094 | D:9      | Gained mutation: You have a pair of small horns on your head. [Xom's grace]
  8094 | D:9      | Gained mutation: You have a pair of horns on your head. [Xom's grace]
  8202 | D:9      | XOM: cast spell 'Monstrous Menagerie'
  8209 | D:9      | Killed a red ugly thing
  8303 | D:9      | XOM: scenery: create altars
  8308 | D:10     | Entered Level 10 of the Dungeon
  8308 | D:10     | Noticed Maurice
  8308 | D:10     | Noticed Sonja
  8309 | D:10     | XOM: summons friendly ufetubus
  8365 | D:10     | Noticed a two-headed ogre
  8372 | D:10     | XOM: cast spell 'Chain of Chaos'
  8374 | D:10     | XOM: enchant monster (good)
  8375 | D:10     | XOM: fake destruction
  8387 | D:10     | Killed a two-headed ogre
  8387 | D:10     | Reached XP level 11. HP: 59/84 MP: 15/15
  8435 | D:10     | XOM: destruction
  8440 | D:10     | XOM: noise
  8456 | D:10     | XOM: polymorph scorpion -> big kobold
  8466 | D:10     | XOM: chaos upgrade
  8468 | D:10     | XOM: medium Necr miscast
  8479 | D:9      | Killed Maurice
  8551 | D:10     | Killed Sonja
  8551 | D:10     | Reached skill level 9 in Dodging
  8870 | D:10     | Reached skill level 6 in Evocations
  8972 | D:10     | Noticed Josephine
  9000 | D:10     | Noticed a two-headed ogre
  9035 | D:10     | XOM: summons 5 hostile demons
  9110 | D:10     | Noticed a glowing shapeshifter
  9110 | D:10     | a two-headed ogre changed into a glowing shapeshifter
  9110 | D:10     | XOM: polymorph two-headed ogre -> glowing shapeshifter
  9111 | D:10     | Noticed a glowing orange brain
  9111 | D:10     | a glowing shapeshifter changed into a glowing orange brain
  9112 | D:10     | a glowing orange brain changed into a snapping turtle
  9117 | D:10     | Noticed a swamp dragon
  9117 | D:10     | a snapping turtle changed into a swamp dragon
  9118 | D:10     | Noticed a shining eye
  9118 | D:10     | a swamp dragon changed into a shining eye
  9145 | D:10     | XOM: potion effect (agility)
  9149 | D:9      | XOM: divination: detect creatures
  9149 | D:9      | Noticed a wolf spider
  9149 | D:9      | a shining eye changed into a wolf spider
  9150 | D:9      | XOM: confuse monster(s)
  9152 | D:9      | Noticed an alligator
  9152 | D:9      | a wolf spider changed into an alligator
  9154 | D:9      | XOM: harmless Ice miscast
  9155 | D:9      | XOM: harmless Necr miscast
  9161 | D:9      | Noticed an eight-headed hydra
  9161 | D:9      | an alligator changed into an eight-headed hydra
  9162 | D:9      | XOM: cast spell 'Cause Fear'
  9311 | D:9      | XOM: harmless Conj miscast
  9318 | D:9      | Killed Josephine
  9318 | D:9      | Reached skill level 12 in Long Blades
  9418 | D:10     | Reached skill level 8 in Fighting
  9487 | D:10     | XOM: polymorph kobold -> leopard gecko
  9752 | D:11     | Noticed a seven-headed hydra
  9903 | D:11     | Found a staircase to the Lair.
  9912 | D:11     | Noticed an oklob plant
  9934 | D:11     | XOM: fog
  9935 | D:11     | Killed an oklob plant
  9987 | D:11     | Noticed a red ugly thing
  9987 | D:11     | Noticed a purple ugly thing
  9987 | D:11     | XOM: divination: detect creatures
 10014 | D:11     | XOM: cast spell 'Olgreb's Toxic Radiance'
 10046 | D:10     | Noticed an anaconda
 10046 | D:10     | a purple ugly thing changed into an anaconda
 10046 | D:10     | XOM: polymorph purple ugly thing -> anaconda
 10055 | D:10     | XOM: cast spell 'Metabolic Englaciation'
 10063 | D:10     | Killed an anaconda
 10112 | D:10     | XOM: divination: detect creatures
 10121 | D:10     | HP: 18/87 [red ugly thing (23)]
 10271 | D:11     | Reached skill level 10 in Dodging
 10313 | D:11     | XOM: enchant monster (good)
 10323 | D:11     | HP: 21/87 [seven-headed hydra (4)]
 10327 | D:11     | Killed a seven-headed hydra
 10335 | D:11     | HP: 4/87 [acid (20)]
 10684 | D:11     | Found a staircase to the Orcish Mines.
 10809 | D:11     | XOM: harmless Conj miscast
 10821 | D:11     | XOM: give mutations
 10821 | D:11     | Gained mutation: You evolve. [Xom's grace]
 10821 | D:11     | Gained mutation: You possess an exceptional clarity of mind. [Xom's grace]
 10821 | D:11     | Gained mutation: You are partially covered in yellow scales. (AC +2) [Xom's grace]
 10849 | D:11     | XOM: summons friendly ufetubus
 10850 | D:11     | XOM: fog
 11017 | D:11     | Reached XP level 12. HP: 82/94 MP: 16/16
 11038 | Lair:1   | Entered Level 1 of the Lair of Beasts
 11066 | Lair:1   | XOM: cast spell 'Summon Butterflies'
 11069 | Lair:1   | Reached skill level 13 in Long Blades
 11118 | Lair:1   | Reached skill level 6 in Stealth
 11225 | Lair:1   | XOM: summons friendly crimson imp
 11503 | Lair:1   | XOM: summons friendly quasit
 11504 | Lair:1   | XOM: enchant monster (bad)
 11510 | Lair:1   | HP: 23/94 [black mamba (6)]
 11605 | Lair:1   | Found a shattered altar of Ashenzari.
 11752 | Lair:1   | Reached skill level 9 in Fighting
 11873 | Lair:1   | XOM: give mutations
 11873 | Lair:1   | Lost mutation: You have a pair of horns on your head. [Xom's mischief]
 11873 | Lair:1   | Lost mutation: Your body sometimes deteriorates upon taking damage. [Xom's mischief]
 11873 | Lair:1   | Lost mutation: You have a pair of small horns on your head. [Xom's mischief]
 11873 | Lair:1   | Lost mutation: You have large cloven feet. [Xom's mischief]
 11971 | D:7      | XOM: summons 5 hostile demons
 12039 | D:6      | XOM: medium Ice miscast
 12394 | Lair:2   | XOM: summons friendly ufetubus
 12424 | Lair:2   | Reached skill level 7 in Stealth
 12477 | Lair:2   | XOM: enchant monster (good)
 12478 | Lair:2   | XOM: summons friendly shadow imp
 12578 | Lair:2   | XOM: harmless Summ miscast
 12684 | Lair:2   | XOM: cast spell 'Alistair's Intoxication'
 12740 | Lair:2   | XOM: potion effect (brilliance)
 12747 | Lair:2   | XOM: enchant monster (bad)
 12785 | Lair:2   | XOM: summons friendly quasit
 12809 | Lair:2   | XOM: blink monster(s)
 12821 | Lair:2   | XOM: smoke on damage
 12833 | Lair:2   | XOM: harmless Erth miscast
 12852 | Lair:2   | Reached skill level 8 in Stealth
 12901 | Lair:2   | XOM: harmless Tloc miscast
 12939 | Lair:2   | XOM: enchant monster (good)
 13036 | Lair:2   | XOM: summons 5 friendly demons
 13060 | Lair:2   | XOM: medium Chrm miscast
 13069 | Lair:2   | Reached skill level 11 in Dodging
 13154 | Lair:2   | Reached skill level 14 in Long Blades
 13314 | Lair:2   | XOM: enchant monster (bad)
 13350 | Lair:2   | XOM: medium Air miscast
 13371 | Lair:2   | XOM: cast spell 'Alistair's Intoxication'
 13669 | Lair:2   | XOM: cloud trail
 13733 | Lair:2   | XOM: harmless Chrm miscast
 13803 | Lair:2   | XOM: polymorph butterfly -> rat
 13926 | Lair:3   | Noticed a six-headed hydra
 13930 | Lair:3   | XOM: scenery: create altars
 13952 | Lair:2   | Reached skill level 1 in Translocations
 14053 | Lair:3   | Gained mutation: You are mostly covered in yellow scales. (AC +3) [evolution]
 14069 | Lair:3   | XOM: enchant monster (good)
 14105 | Lair:3   | Reached skill level 9 in Stealth
 14149 | Lair:3   | Found a staircase to the Shoals.
 14256 | Lair:3   | Killed a six-headed hydra
 14256 | Lair:3   | XOM: mild Chrm miscast
 14302 | Lair:3   | Got a twisted long sword
 14635 | Lair:2   | XOM: cleaving
 14705 | Lair:3   | XOM: harmless Fire miscast
 14728 | Lair:3   | XOM: enchant monster (good)
 14912 | Lair:2   | XOM: scenery: create altars
 14921 | Lair:2   | Reached XP level 13. HP: 103/103 MP: 17/17
 15031 | Lair:4   | XOM: summons friendly white imp
 15058 | Lair:4   | Noticed Kirke
 15166 | Lair:4   | Found a radiant altar of Vehumet.
 15196 | Lair:4   | Found a hole to the Spider Nest.
 15211 | Lair:4   | XOM: destruction
 15270 | Lair:4   | XOM: 1-stop teleportation journey
 15378 | Lair:4   | XOM: harmless Erth miscast
 15389 | Lair:4   | XOM: potion effect (berserk rage)
 15392 | Lair:4   | XOM: potion effect (might)
 15393 | Lair:4   | Reached skill level 10 in Fighting
 15492 | Lair:4   | XOM: divination: detect creatures
 15509 | Lair:4   | XOM: divination: detect creatures
 15717 | Lair:4   | Reached skill level 10 in Stealth
 15758 | Lair:4   | XOM: harmless Conj miscast
 15777 | Lair:4   | XOM: silly message
 15833 | Lair:4   | XOM: summons 13 friendly demons
 15837 | Lair:4   | XOM: summons 9 friendly demons
 15840 | Lair:4   | Killed Kirke
 15990 | Lair:4   | XOM: destruction
 16037 | Lair:4   | HP: 24/103 [elephant (14)]
 16405 | Lair:5   | XOM: medium Conj miscast
 16539 | Lair:5   | Identified the +2 long sword of Contradiction {drain, rC- rN+ MR+ Int+2} (You found it on level 3 of the Lair of Beasts)
 16552 | Lair:5   | Reached skill level 7 in Evocations
 16581 | Lair:5   | Found a staircase to the Slime Pits.
 16632 | Lair:5   | XOM: 2-stop teleportation journey
 16681 | Lair:5   | XOM: cast spell 'Olgreb's Toxic Radiance'
 16726 | Lair:4   | XOM: harmless Pois miscast
 16734 | Lair:4   | Reached skill level 12 in Dodging
 16759 | Lair:5   | XOM: noise
 16845 | Lair:4   | HP: 21/104 [eight-headed hydra (16)]
 17011 | Lair:3   | Gained mutation: Your spells are harder to cast, but more powerful. [evolution]
 17011 | Lair:3   | Lost mutation: You evolve. [end of evolution]
 17028 | Lair:4   | XOM: swap monsters
 17082 | Lair:5   | Reached skill level 11 in Stealth
 17281 | Lair:5   | XOM: swap monsters
 17449 | Lair:5   | XOM: severe Conj miscast
 17680 | Lair:5   | XOM: enchant monster (good)
 17725 | Lair:5   | XOM: harmless Tloc miscast
 18103 | Lair:6   | Entered Level 6 of the Lair of Beasts
 18173 | Lair:6   | XOM: scenery: create altars
 18292 | Lair:5   | XOM: polymorph polar bear -> meliai
 18314 | Lair:6   | XOM: enchant monster (good)
 18316 | Lair:6   | XOM: fog
 18320 | Lair:6   | XOM: divination: magic mapping
 18322 | Lair:5   | XOM: summons 4 friendly demons
 18363 | Lair:6   | XOM: potion effect (invisibility)
 18367 | Lair:6   | XOM: confuse monster(s)
 18376 | Lair:6   | Found a frozen archway.
 18403 | Lair:6   | XOM: cleaving
 18412 | IceCv    | Entered an ice cave
 18482 | IceCv    | XOM: cleaving
 18508 | IceCv    | XOM: summons 5 hostile demons
 18509 | IceCv    | XOM: scenery: create altars
 18540 | IceCv    | XOM: summons 9 friendly demons
 18553 | IceCv    | Reached skill level 8 in Evocations
 18589 | IceCv    | XOM: cleaving
 18592 | IceCv    | XOM: scenery: create altars
 18663 | IceCv    | XOM: cleaving
 18664 | IceCv    | XOM: summons friendly quasit
 18669 | IceCv    | XOM: polymorph ice beast -> worm
 18700 | IceCv    | XOM: harmless Tloc miscast
 18893 | IceCv    | XOM: 3-stop teleportation journey
 18963 | IceCv    | Noticed a frost giant
 19034 | IceCv    | Reached skill level 11 in Fighting
 19042 | IceCv    | XOM: divination: detect items
 19043 | IceCv    | Reached skill level 12 in Stealth
 19141 | IceCv    | Reached XP level 14. HP: 113/113 MP: 20/20
 19152 | IceCv    | XOM: harmless Ice miscast
 19293 | IceCv    | XOM: 1-stop teleportation journey
 19485 | IceCv    | XOM: silly message
 19515 | IceCv    | XOM: potion effect (might)
 19517 | IceCv    | XOM: silly message
 19524 | IceCv    | XOM: potion effect (haste)
 19528 | IceCv    | Killed a frost giant
 19714 | Lair:6   | XOM: polymorph spiny frog -> jumping spider
 19718 | Lair:6   | XOM: potion effect (curing)
 19722 | Lair:6   | XOM: enchant monster (good)
 19745 | Lair:6   | XOM: enchant monster (good)
 19776 | Lair:6   | XOM: cast spell 'Discord'
 19777 | Lair:6   | Reached skill level 13 in Dodging
 19781 | Lair:6   | HP: 16/113 [blink frog (20)]
 19793 | Lair:6   | HP: 28/113 [blink frog (5)]
 19798 | Lair:6   | HP: 7/113 [blink frog (22)]
 19823 | Lair:6   | XOM: potion effect (invisibility)
 19834 | Lair:6   | HP: 28/113 [wolf (6)]
 20005 | Lair:6   | XOM: potion effect (agility)
 20010 | Lair:6   | XOM: polymorph yak -> golden eye
 20076 | Lair:6   | XOM: torment (69/113 hp)
 20096 | Lair:6   | XOM: 1-stop teleportation journey
 20119 | Lair:5   | XOM: summons friendly crimson imp
 20338 | Lair:6   | Reached skill level 9 in Evocations
 20341 | Lair:6   | RKaid: !ac 6
 20341 | Lair:6   | beem: 3.67 armour skill per 1 AC for 6 base AC
 20349 | Lair:6   | XOM: summons 9 friendly demons
 20378 | Lair:6   | XOM: confuse monster(s)
 20384 | Lair:6   | Reached skill level 1 in Armour
 20399 | Lair:6   | XOM: fog
 20510 | Lair:6   | XOM: 4-stop teleportation journey
 20543 | Lair:6   | XOM: noise
 20591 | Lair:6   | XOM: mild Chrm miscast
 20606 | Lair:6   | Reached skill level 2 in Armour
 20747 | Lair:6   | XOM: cast spell 'Summon Dragon'
 21051 | Lair:6   | XOM: severe Summ miscast
 21066 | Lair:6   | HP: 18/114 [sun demon[the severe capriciousness of Xom] (16)]
 21521 | D:12     | Reached skill level 12 in Fighting
 21603 | D:12     | XOM: 9-stop teleportation journey
 21612 | D:12     | XOM: polymorph purple ugly thing -> tyrant leech
 21614 | D:12     | XOM: silly message
 21621 | D:12     | XOM: enchant monster (bad)
 21641 | D:10     | XOM: mild Tmut miscast
 21666 | D:10     | XOM: medium Pois miscast
 21734 | Orc:1    | XOM: stealth player
 21734 | Orc:1    | Entered Level 1 of the Orcish Mines
 21762 | Orc:1    | XOM: noise
 21839 | Orc:1    | XOM: blink monster(s)
 21860 | Orc:1    | XOM: noise
 22020 | Orc:1    | Found Paboud's Quality Used Wands.
 22127 | Orc:1    | XOM: polymorph ogre -> soldier ant
 22135 | Orc:1    | Reached skill level 3 in Armour
 22148 | Orc:1    | XOM: polymorph orc priest -> bullfrog
 22149 | Orc:1    | Reached skill level 14 in Dodging
 22154 | Orc:1    | RKaid: !ac 7
 22154 | Orc:1    | beem: 3.14 armour skill per 1 AC for 7 base AC
 22262 | Orc:1    | XOM: cast spell 'Summon Butterflies'
 22312 | Orc:1    | XOM: 8-stop teleportation journey
 22461 | Orc:2    | Entered Level 2 of the Orcish Mines
 22504 | Orc:2    | XOM: summons friendly crimson imp
 22556 | Orc:2    | Identified the Guide on the Sinister Voyage
 22632 | Orc:2    | XOM: summons 1 hostile shadow creature
 22641 | Orc:2    | XOM: swap monsters
 22825 | Orc:2    | Found a staircase to the Elven Halls.
 23327 | Orc:2    | XOM: harmless Fire miscast
 23467 | Orc:2    | Found Ascho's General Store.
 23523 | Orc:2    | XOM: polymorph orc priest -> killer bee
 23528 | Orc:2    | XOM: blink monster(s)
 23648 | Orc:2    | XOM: 7-stop teleportation journey
 23740 | Orc:2    | Found Qeiniy's General Store.
 23770 | Orc:2    | XOM: polymorph orc -> rat
 23799 | Orc:2    | XOM: god gift: 16 stones
 23843 | Orc:2    | XOM: destruction
 23843 | Orc:2    | Gained mutation: Your muscles are strong. (Str +2) [a neqoxec]
 23845 | Orc:2    | Gained mutation: You are frail. (-10% HP) [a neqoxec]
 23893 | Orc:2    | XOM: swap monsters
 23919 | Orc:2    | XOM: enchant monster (good)
 23951 | Orc:2    | Lost mutation: You possess an exceptional clarity of mind. [a neqoxec]
 24057 | Orc:2    | XOM: confusion
 24059 | Orc:2    | HP: 23/103 [sun demon (14)]
 24059 | Orc:2    | HP: 8/103 [sun demon[an orc sorcerer] (5)]
 24164 | Orc:2    | XOM: confuse monster(s)
 24170 | Orc:2    | Reached skill level 4 in Armour
 24331 | Orc:2    | Bought a potion of flight for 48 gold pieces
 24417 | Orc:2    | XOM: summons friendly shadow imp
 24421 | Orc:2    | XOM: confuse monster(s)
 24461 | Orc:2    | XOM: cleaving
 24469 | Orc:2    | Reached XP level 15. HP: 82/109 MP: 21/21
 24545 | Orc:2    | XOM: scenery: create altars
 24568 | Orc:2    | XOM: fog
 24646 | Orc:2    | XOM: divination: detect items
 24647 | Orc:2    | XOM: cleaving
 24668 | Orc:2    | Lost mutation: Your muscles are strong. (Str +2) [a neqoxec]
 24685 | Orc:2    | XOM: summons friendly quasit
 24742 | Orc:2    | XOM: summons friendly crimson imp
 24765 | Orc:2    | Found Nauz's Antique Armour Shop.
 24765 | Orc:2    | Found a one-way gate leading to the halls of Pandemonium.
 24765 | Orc:2    | Found Remif's Gadget Boutique.
 24768 | Orc:2    | XOM: summons 2 friendly demons
 24799 | Orc:2    | Reached skill level 5 in Armour
 24891 | Orc:2    | Bought a wand of clouds (3/9) for 315 gold pieces
 24922 | Orc:2    | Bought a scroll of acquirement for 624 gold pieces
 24925 | Orc:2    | Got a heavily runed helmet
 25051 | D:12     | Identified the +1 helmet "Moepirhi" {*Slow +Blink rCorr} (You acquired it on level 2 of the Orcish Mines)
 25106 | D:12     | XOM: 5-stop teleportation journey
 25166 | D:12     | XOM: give mutations
 25166 | D:12     | Gained mutation: You evolve. [Xom's grace]
 25166 | D:12     | Lost mutation: You are frail. (-10% HP) [Xom's grace]
 25166 | D:12     | Gained mutation: You have a pair of small horns on your head. [Xom's grace]
 25194 | D:12     | XOM: enchant monster (good)
 25207 | D:12     | XOM: scenery: create altars
 25236 | D:12     | XOM: divine lightning
 25332 | D:12     | XOM: confuse monster(s)
 25348 | D:12     | XOM: scenery: create altars
 25416 | D:12     | RKaid: !ac 6
 25416 | D:12     | beem: 3.67 armour skill per 1 AC for 6 base AC
 25463 | D:12     | XOM: god gift: 44 gold pieces
 25495 | D:12     | Got a wavering tin ring
 25619 | D:13     | XOM: divination: magic mapping
 25631 | D:13     | XOM: fog
 25643 | D:13     | Gained mutation: You are robust. (+10% HP) [evolution]
 25682 | D:12     | XOM: summons friendly ufetubus
 25798 | D:12     | XOM: divination: detect items
 25808 | D:13     | XOM: summons 5 friendly demons
 25839 | D:13     | HP: 17/134 [phantasmal warrior[a death knight] (28)]
 25846 | D:13     | XOM: fog
 25856 | D:13     | XOM: god gift: meat ration
 25859 | D:13     | XOM: divination: magic mapping
 25862 | D:13     | XOM: god gift: opal ring {god gift}
 25865 | D:13     | XOM: summons friendly iron imp
 26055 | D:12     | XOM: confusion (+ monsters)
 26124 | D:13     | XOM: divine lightning
 26136 | D:13     | XOM: give mutations
 26136 | D:13     | Lost mutation: You are resistant to hostile enchantments. (MR+) [Xom's mischief]
 26136 | D:13     | Gained mutation: You are weak. (Str -2) [Xom's mischief]
 26136 | D:13     | Gained mutation: You are clumsy. (Dex -2) [Xom's mischief]
 26219 | D:13     | XOM: torment (37/134 hp)
 26307 | D:13     | XOM: harmless Chrm miscast
 26573 | D:13     | XOM: swap monsters
 26593 | D:13     | XOM: medium Summ miscast
 26630 | D:13     | XOM: draining
 26747 | D:13     | XOM: god gift: mace {god gift}
 26749 | D:13     | Found a glowing golden altar of the Shining One.
 26756 | D:13     | XOM: polymorph death knight -> shining eye
 26757 | D:13     | Gained mutation: Potions are less effective at restoring your health. [a shining eye]
 26842 | D:13     | XOM: cloud trail
 26884 | D:13     | XOM: polymorph two-headed ogre -> shock serpent
 26885 | D:13     | XOM: polymorph shock serpent -> moth of wrath
 26984 | D:13     | Reached skill level 15 in Dodging
 27038 | D:13     | XOM: harmless Fire miscast
 27153 | D:13     | XOM: confusion
 27180 | D:13     | XOM: confusion (+ monsters)
 27183 | D:13     | XOM: medium Chrm miscast
 27268 | D:12     | Upgraded the game from 0.21-a0-274-gc1afaeb to 0.21-a0-277-geaec956
 27282 | D:12     | HP: 25/134 [eight-headed hydra (10)]
 27293 | D:12     | XOM: give mutations
 27293 | D:12     | Gained mutation: You possess an exceptional clarity of mind. [Xom's grace]
 27293 | D:12     | Gained mutation: Your flesh is heat resistant. (rF+) [Xom's grace]
 27457 | D:12     | XOM: destruction
 27560 | D:13     | Found a gate to the Vaults.
 27585 | D:13     | XOM: summons 2 friendly demons
 27595 | D:13     | XOM: cast spell 'Death Channel'
 27600 | D:13     | XOM: divination: magic mapping
 27608 | D:13     | XOM: cast spell 'Chain of Chaos'
 27610 | D:13     | XOM: cast spell 'Discord'
 27653 | D:13     | Reached skill level 13 in Fighting
 27693 | D:13     | RKaid: !ac 6
 27693 | D:13     | beem: 3.67 armour skill per 1 AC for 6 base AC
 27694 | D:13     | XOM: cloud trail
 27726 | D:14     | XOM: destruction
 27758 | D:13     | XOM: divination: magic mapping
 28085 | D:14     | XOM: 5-stop teleportation journey
 28116 | D:14     | XOM: swap monsters
 28121 | D:14     | Reached skill level 15 in Long Blades
 28131 | D:14     | XOM: harmless Ice miscast
 28179 | D:14     | XOM: enchant monster (good)
 28185 | D:14     | XOM: swap monsters
 28203 | D:14     | XOM: summons 12 friendly demons
 28226 | D:14     | XOM: cleaving
 28270 | D:14     | Identified the ring "Ycraq" {rElec MR+ Stlth+} (You found it on level 12 of the Dungeon)
 28391 | D:14     | XOM: smoke on damage
 28879 | D:15     | Entered Level 15 of the Dungeon
 28948 | D:15     | XOM: summons 8 friendly demons
 28976 | D:15     | XOM: scenery: create altars
 28977 | D:15     | HP: 32/136 [slime creature (20)]
 29134 | D:15     | XOM: confuse monster(s)
 29148 | D:15     | XOM: polymorph slime creature -> water nymph
 29157 | D:15     | XOM: polymorph slime creature -> spark wasp
 29209 | D:15     | XOM: 2-stop teleportation journey
 29223 | D:15     | XOM: scenery: 1 doors close
 29569 | D:15     | Found a staircase to the Depths.
 29622 | D:15     | XOM: medium Necr miscast
 29804 | Lair:2   | XOM: mild Tmut miscast
 29830 | Lair:2   | XOM: harmless Fire miscast
 29879 | Spider:1 | Entered Level 1 of the Spider Nest
 29889 | Spider:1 | XOM: cast spell 'Shadow Creatures'
 29918 | Spider:1 | XOM: give mutations
 29918 | Spider:1 | Lost mutation: Your flesh is heat resistant. (rF+) [Xom's mischief]
 29918 | Spider:1 | Lost mutation: You are covered in fur. (AC +1) [Xom's mischief]
 29918 | Spider:1 | Lost mutation: You evolve. [Xom's mischief]
 29939 | Spider:1 | XOM: give mutations
 29939 | Spider:1 | Lost mutation: You are clumsy. (Dex -2) [Xom's mischief]
 29939 | Spider:1 | Lost mutation: You are weak. (Str -2) [Xom's mischief]
 30001 | Spider:1 | XOM: harmless Erth miscast
 30103 | Spider:1 | XOM: enchant monster (good)
 30109 | Spider:1 | Noticed Roxanne
 30110 | Spider:1 | Reached XP level 16. HP: 120/144 MP: 22/22
 30130 | Spider:1 | HP: 36/144 [poisoned by a redback]
 30137 | Spider:1 | HP: 32/144 [redback (5)]
 30155 | Spider:1 | Noticed Frances
 30351 | Shoals:1 | Entered Level 1 of the Shoals
 30384 | Shoals:1 | XOM: give mutations
 30384 | Shoals:1 | Lost mutation: You possess an exceptional clarity of mind. [Xom's mischief]
 30384 | Shoals:1 | Lost mutation: Potions are less effective at restoring your health. [Xom's mischief]
 30384 | Shoals:1 | Lost mutation: You are robust. (+10% HP) [Xom's mischief]
 30393 | Shoals:1 | XOM: confusion
 30500 | Shoals:1 | XOM: polymorph merfolk impaler -> tyrant leech
 30546 | Shoals:1 | XOM: medium Hex miscast
 30559 | Shoals:1 | XOM: cast spell 'Call Canine Familiar'
 30625 | Shoals:1 | XOM: summons 2 friendly demons
 30628 | Shoals:1 | XOM: cast spell 'Death Channel'
 30882 | Shoals:1 | XOM: enchant monster (good)
 30917 | Shoals:1 | HP: 30/131 [merfolk javelineer/javelin (11)]
 30918 | Shoals:1 | HP: 7/131 [merfolk javelineer/javelin (24)]
 30923 | Shoals:1 | RKaid: ??javelin
 30923 | Shoals:1 | beem: javelin[1/1]: (throwing; 10 dam / 1.5 base delay / 0.7 min delay). This lightweight spear is designed for throwing and can cause serious injury.
 30923 | Shoals:1 | HP: 4/131 [merfolk javelineer/javelin (15)]
 31317 | Lair:4   | XOM: 8-stop teleportation journey
 31402 | Spider:1 | XOM: cast spell 'Summon Ice Beast'
 31655 | Spider:1 | XOM: harmless Pois miscast
 31680 | Spider:1 | XOM is BORED!
 31680 | Spider:1 | XOM: noise
 31797 | Spider:1 | XOM: harmless Pois miscast
 31901 | Spider:1 | Reached skill level 16 in Long Blades
 32102 | Spider:1 | XOM: enchant monster (good)
 32193 | Spider:1 | XOM: mild Pois miscast
 32570 | Spider:2 | Upgraded the game from 0.21-a0-277-geaec956 to 0.21-a0-278-ga722497
 32628 | Spider:2 | XOM: noise
 32656 | Spider:2 | XOM: noise
 32687 | Spider:2 | Reached skill level 10 in Evocations
 32779 | Spider:2 | XOM: harmless Air miscast
 32822 | Spider:1 | XOM: harmless Conj miscast
 32987 | Spider:2 | XOM: silly message
 33001 | Spider:2 | Got a smoking great sword
 33002 | Spider:2 | Identified the cursed +3 great sword "X" {elec, *Corrode MR+ Int+5} (You found it on level 2 of the Spider Nest)
 33069 | Spider:2 | XOM: god gift: paperback book {god gift}
 33412 | Spider:2 | XOM: enchant monster (good)
 33514 | Spider:3 | Reached skill level 2 in Translocations
 33830 | Orc:2    | Bought a +0 pair of boots for 54 gold pieces
 33830 | Orc:2    | Bought a potion of curing for 36 gold pieces
 34257 | Shoals:1 | XOM: cast spell 'Metabolic Englaciation'
 34550 | Shoals:1 | XOM: 1-stop teleportation journey
 34638 | Shoals:1 | XOM: summons friendly crimson imp
 34737 | Shoals:2 | XOM: scenery: create altars
 34747 | Shoals:2 | XOM: divination: magic mapping
 34766 | Shoals:1 | XOM: summons friendly white imp
 34767 | Shoals:1 | HP: 33/132 [manticore/volley of spikes (13)]
 34773 | Shoals:1 | XOM: divination: magic mapping
 34774 | Shoals:1 | Reached skill level 14 in Fighting
 34776 | Shoals:1 | HP: 30/133 [sea snake (11)]
 34795 | Shoals:1 | XOM: give mutation
 34795 | Shoals:1 | Gained mutation: You have sharp toenails. [Xom's grace]
 34929 | Shoals:2 | Reached skill level 1 in Shields
 34935 | Shoals:2 | Reached skill level 3 in Translocations
 34943 | Shoals:2 | XOM: destruction
 35040 | Shoals:2 | XOM: summons friendly shadow imp
 35052 | Shoals:2 | XOM: smoke on damage
 35055 | Shoals:2 | XOM: destruction
 35158 | Shoals:2 | XOM: 2-stop teleportation journey
 35170 | Shoals:2 | XOM: noise
 35182 | Shoals:2 | Reached skill level 2 in Shields
 35257 | Shoals:2 | XOM: mild Pois miscast
 35399 | D:11     | XOM: summons 1 hostile shadow creature
 35534 | Shoals:2 | XOM: harmless Ice miscast
 35669 | Shoals:2 | XOM: summons 8 hostile demons
 35677 | Shoals:2 | XOM: divination: magic mapping
 35836 | Shoals:2 | Reached skill level 3 in Shields
 35901 | Shoals:2 | XOM: harmless Necr miscast
 36031 | Shoals:3 | Reached skill level 1 in Short Blades
 36074 | Shoals:3 | XOM: potion effect (invisibility)
 36244 | Shoals:3 | XOM: potion effect (brilliance)
 36276 | Shoals:3 | XOM: harmless Ice miscast
 36296 | Shoals:3 | Reached skill level 2 in Short Blades
 36296 | Shoals:3 | Reached skill level 4 in Shields
 36377 | Shoals:3 | XOM: harmless Fire miscast
 36392 | Shoals:3 | XOM: potion effect (might)
 36395 | Shoals:3 | HP: 12/133 [satyr/arrow (22)]
 36538 | Spider:1 | XOM: cast spell 'Summon Small Mammal'
 36548 | Spider:1 | Killed Frances
 36827 | Spider:3 | XOM: mild Conj miscast
 36976 | Spider:3 | XOM: harmless Tmut miscast
 36991 | Spider:3 | XOM: enchant monster (good)
 37079 | Spider:3 | Reached skill level 3 in Short Blades
 37156 | Spider:3 | XOM: cast spell 'Summon Dragon'
 37217 | Spider:3 | Reached skill level 5 in Shields
 37230 | Spider:3 | XOM: mild Air miscast
 37527 | Spider:3 | Reached XP level 17. HP: 120/139 MP: 24/24
 37605 | Spider:4 | Entered Level 4 of the Spider Nest
 37618 | Spider:4 | Noticed Arachne
 37726 | Spider:3 | XOM: harmless Tmut miscast
 37803 | Spider:4 | XOM: enchant monster (bad)
 37965 | Spider:4 | XOM: 1-stop teleportation journey
 37975 | Spider:4 | HP: 32/139 [disintegration (31)]
 38088 | Spider:3 | XOM: summons 4 hostile shadow creatures
 38258 | Spider:4 | Noticed Arachne
 38258 | Spider:4 | Arachne changed into Arachne the caustic shrike
 38258 | Spider:4 | XOM: polymorph Arachne -> Arachne the caustic shrike
 38297 | Spider:4 | Got a crude scimitar
 38317 | Spider:4 | XOM: cast spell 'Summon Ice Beast'
 38372 | Spider:4 | Identified the +6 scimitar of Stickiness {freeze, rF+ Str+4} (You found it on level 4 of the Spider Nest)
 38408 | Spider:4 | Noticed Jorgrun
 38418 | Spider:3 | XOM: god gift: 47 gold pieces
 38436 | Spider:4 | XOM: summons 7 friendly demons
 38441 | Spider:4 | XOM: cleaving
 38442 | Spider:4 | XOM: divination: magic mapping
 38443 | Spider:4 | Killed Jorgrun
 38467 | Spider:4 | XOM: summons friendly ufetubus
 38474 | Spider:4 | XOM: summons 6 friendly demons
 38499 | Spider:4 | XOM: summons 9 friendly demons
 38508 | Spider:4 | Killed Arachne the caustic shrike
 38544 | Spider:4 | Learned a level 2 spell: Ensorcelled Hibernation
 38548 | Spider:4 | Learned a level 3 spell: Confuse
 38552 | Spider:4 | Learned a level 3 spell: Tukima's Dance
 38731 | Spider:4 | Reached skill level 1 in Hexes
 38736 | Spider:4 | XOM: cast spell 'Summon Hydra'
 38750 | Spider:4 | XOM: enchant monster (good)
 38966 | Spider:4 | XOM: enchant monster (bad)
 39072 | Spider:4 | Reached skill level 2 in Hexes
 39112 | Spider:4 | XOM: noise
 39157 | Spider:4 | Reached skill level 3 in Hexes
 39159 | Spider:4 | XOM: harmless Ice miscast
 39529 | Spider:4 | Reached skill level 4 in Hexes
 39554 | Spider:4 | XOM: potion effect (invisibility)
 39585 | Spider:4 | Reached skill level 17 in Long Blades
 39586 | Spider:4 | XOM: potion effect (heal wounds)
 39595 | Spider:4 | XOM: fog
 39603 | Spider:4 | HP: 35/140 [emperor scorpion (9)]
 39608 | Spider:4 | HP: 33/140 [poisoned by an emperor scorpion]
 39613 | Spider:4 | HP: 32/140 [poisoned by an emperor scorpion]
 39621 | Spider:4 | HP: 32/140 [poisoned by an emperor scorpion]
 39626 | Spider:4 | HP: 32/140 [poisoned by an emperor scorpion]
 39632 | Spider:4 | HP: 34/140 [poisoned by an emperor scorpion]
 39637 | Spider:4 | HP: 35/140 [poisoned by an emperor scorpion]
 39655 | Spider:4 | Gained mutation: Your body sometimes deteriorates upon taking damage. [mutagenic glow]
 39699 | Spider:4 | XOM: harmless Air miscast
 39840 | Spider:4 | XOM: summons friendly ufetubus
 39854 | Spider:4 | Reached skill level 5 in Hexes
 39980 | Spider:4 | Got a gossamer rune of Zot
 40287 | Shoals:3 | XOM: divination: detect creatures
 40297 | Shoals:3 | XOM: mild Ice miscast
 40307 | Shoals:3 | XOM: mild Erth miscast
 40451 | Elf:1    | Entered Level 1 of the Elven Halls
 40498 | Elf:1    | XOM: harmless Summ miscast
 40549 | Elf:1    | XOM: divination: magic mapping
 40551 | Elf:1    | XOM: confuse monster(s)
 40557 | Elf:1    | XOM: harmless Fire miscast
 40639 | Elf:1    | Reached skill level 6 in Hexes
 40645 | Elf:1    | Got a jewelled chain mail
 40646 | Elf:1    | Identified the cursed +1 chain mail of the Bells {Str+3} (You found it on level 1 of the Elven Halls)
 40828 | Elf:1    | HP: 23/140 [halberd of holy wrath (17)]
 41150 | Elf:1    | Reached skill level 16 in Dodging
 41212 | Elf:1    | XOM: confuse monster(s)
 41217 | Elf:1    | Reached skill level 7 in Hexes
 41264 | Elf:1    | Noticed Azrael
 41286 | Elf:1    | XOM: blink monster(s)
 41292 | Elf:1    | Killed Azrael
 41521 | Elf:1    | XOM: fog
 41617 | Elf:1    | XOM: scenery: 1 doors open, 2 doors close
 41646 | Elf:1    | XOM: confuse monster(s)
 41837 | Elf:3    | Entered Level 3 of the Elven Halls
 41925 | Elf:2    | Reached skill level 8 in Hexes
 41925 | Elf:2    | Reached XP level 18. HP: 148/148 MP: 25/25
 42028 | Elf:2    | XOM: cast spell 'Alistair's Intoxication'
 42337 | Elf:2    | XOM: god gift: robe {god gift}
 42357 | Elf:2    | Reached skill level 6 in Shields
 42470 | Elf:2    | Found Tesunylo's Jewellery Emporium.
 42484 | Elf:2    | Found Qurren's Gadget Shop.
 42487 | Elf:2    | Found Huoruvog's Jewellery Emporium.
 42514 | Elf:2    | Found Tuciolak's Distillery.
 42544 | Elf:2    | Bought a potion of curing for 39 gold pieces
 42607 | Elf:2    | Found a huge runed gate.
 42608 | Elf:2    | XOM: confuse monster(s)
 42632 | Elf:2    | Found a huge runed gate.
 42695 | Elf:2    | Found a huge runed gate.
 42695 | Elf:2    | Found a huge runed gate.
 42697 | Elf:2    | Found a huge runed gate.
 42935 | Elf:2    | XOM: give mutations
 42935 | Elf:2    | Gained mutation: You have razor-sharp toenails. [Xom's grace]
 42935 | Elf:2    | Gained mutation: You are resistant to hostile enchantments. (MR+) [Xom's grace]
 43004 | Elf:3    | Reached skill level 15 in Fighting
 43043 | Elf:3    | XOM: scenery: 3 doors open
 43119 | Elf:3    | XOM: summons friendly shadow imp
 43139 | Elf:3    | XOM: divination: detect items
 43245 | Elf:3    | XOM: 5-stop teleportation journey
 43752 | Shoals:3 | XOM: divination: detect items
 43761 | Shoals:3 | XOM: enchant monster (good)
 43765 | Shoals:3 | Reached skill level 7 in Shields
 43907 | Shoals:3 | HP: 27/149 [merfolk aquamancer/shard of ice (35)]
 43943 | Shoals:3 | XOM: scenery: create altars
 44021 | Shoals:3 | XOM: 3-stop teleportation journey
 44124 | Shoals:4 | Entered Level 4 of the Shoals
 44210 | Shoals:4 | XOM: confusion (+ monsters)
 44581 | Shoals:4 | XOM: cast spell 'Discord'
 44605 | Shoals:3 | XOM: smoke on damage
 44652 | Shoals:3 | XOM: summons 2 hostile demons
 44906 | Shoals:4 | XOM: 1-stop teleportation journey
 44921 | Shoals:4 | XOM: summons 9 hostile demons
 45055 | Shoals:4 | XOM: scenery: create altars
 45057 | Shoals:4 | XOM: blink monster(s)
 45066 | Shoals:3 | HP: 35/149 [merfolk javelineer/javelin of penetration (5)]
 45182 | Shoals:4 | XOM: cast spell 'Shadow Creatures'
 45186 | Shoals:4 | Reached skill level 8 in Shields
 45350 | Shoals:4 | Reached skill level 1 in Spellcasting
 45449 | Shoals:4 | XOM: cloud trail
 45466 | Shoals:4 | XOM: 2-stop teleportation journey
 45539 | Shoals:4 | XOM: enchant monster (good)
 45736 | Shoals:3 | XOM: smoke on damage
 45866 | Shoals:4 | Got a barnacled rune of Zot
 45877 | Shoals:4 | XOM: harmless Hex miscast
 45879 | Shoals:4 | Noticed Ilsuiw
 45885 | Shoals:4 | XOM: noise
 45888 | Shoals:4 | XOM: enchant monster (good)
 45901 | Shoals:4 | Reached skill level 2 in Spellcasting
 45904 | Shoals:4 | Killed Ilsuiw
 46017 | Shoals:4 | XOM: cleaving
 46021 | Shoals:4 | XOM: scenery: create altars
 46026 | Shoals:4 | XOM: blink monster(s)
 46115 | Shoals:4 | XOM: divination: detect items
 46222 | Shoals:4 | XOM: enchant monster (good)
 46238 | Shoals:4 | Got a crude leather armour
 46239 | Shoals:4 | Identified the +3 leather armour of Recklessness {MR+ Int+2} (You took it off a merfolk javelineer on level 4 of the Shoals)
 46350 | Shoals:4 | XOM: enchant monster (good)
 46358 | Shoals:4 | XOM: divination: detect creatures
 46573 | Shoals:4 | XOM: harmless Hex miscast
 46610 | Shoals:4 | XOM: blink monster(s)
 46613 | Shoals:4 | XOM: polymorph merfolk -> anaconda
 46618 | Shoals:4 | Reached skill level 18 in Long Blades
 46738 | Shoals:4 | Reached skill level 3 in Spellcasting
 46740 | Shoals:4 | XOM: stat loss: -1 Int (17/20)
 46740 | Shoals:4 | HP: 34/149 [satyr/arrow (12)]
 46743 | Shoals:4 | HP: 10/149 [harpy (9)]
 46745 | Shoals:4 | Shot with an arrow by a satyr

Vault maps used:
D:1:      dpeg_arrival_arbitrary_c
D:3:      first_bread, elyvilon_altar_5
D:5:      amethyst_overflow_temple_binary, hangedman_decor_growths
D:6:      lemuel_round_altar, temple_hall, serial_shops, kennysheep_mini,
          kennysheep_generic_room_13, uniq_pikel
D:8:      gammafunk_temple_overflow_wave
D:9:      minmay_ornate_pinched, lemuel_round_altar, david_nohive_1,
          grunt_decor_arrowhead
D:10:     special_room, minmay_misc_feat_roman, uniq_josephine, uniq_maurice,
          uniq_sonja
D:11:     dpeg_oklobed_lair, david_orc_3, minmay_misc_feat_doors
D:13:     grunt_vaults_entry_tiered, nicolae_tso_carved_into_rock
D:14:     minmay_misc_feat_tower, dk_noncrumbling_4, minivault_16
D:15:     gammafunk_enter_depths_forms, minmay_misc_feat_more_columns
Lair:1:   serial_bayou_pond_a, minmay_lair_oklob_items, st_stairs_10,
          lemuel_centaur_altar
Lair:2:   st_stairs_13, lemuel_fruit_tree, lemuel_fruit_fields
Lair:3:   elwin_shoals_entry_rocks, kennysheep_abandoned_house
Lair:4:   spider_nest_entry_web_field, basic_altar, infiniplex_staircase_pool,
          grunt_megastairs_2, uniq_kirke
Lair:5:   nicolae_slime_entry_slimehenge, eino_house_with_fridge,
          serial_bayou_shore_a
Lair:6:   minmay_lair_end_frog_pond, portal_ice_cave_entry_imps
Shoals:1: kb_tengu_band
Shoals:4: shoals_end_grunt_ice, shoals_ilsuiw_ice
Spider:1: spider_trap, uniq_frances, uniq_roxanne
Spider:2: spider_trap, nicolae_spider_cling_halls
Spider:4: spider_rune_water, guppyfry_hornet_nest, uniq_jorgrun, uniq_arachne
Orc:1:    nicolae_for_you_no_charge
Orc:2:    pf_orc_diabolical, library_closet
Elf:1:    minmay_elf_arrival_circle, hangedman_elf_disciples,
          grunt_megastairs_3, uniq_azrael
Elf:2:    serial_shops, shop, grunt_megastairs_1, lemuel_elevator,
          minmay_shop_grove
Elf:3:    minmay_elf_hall_x, serial_glass, glass_columns_b, glass_columns_a,
          minmay_strange_pillars, nicolae_trove_entry_path_of_doom,
          serial_sigils_hangedman_gut, uniq_donald, uniq_saint_roka
IceCv:    ice_cave_caverns_03

Skill      XL: |  1  2  3  4  5  6  7  8  9 10 11 12 13 14 15 16 17 18 |
---------------+-------------------------------------------------------+-----
Stealth        | 1 2 3 4 5 9 12 | 12.0
Fighting       | 3 4 5 6 7 8 9 11 12 13 14 15 | 15.4
Dodging        | 3 4 5 6 7 8 10 11 12 14 15 16 | 16.5
Long Blades    | 4 5 6 8 9 11 12 14 15 16 17 18 | 18.0
Evocations     | 1 2 4 5 6 8 9 10 | 10.0
Translocations | 1 3 |  3.0
Armour         | 4 5 |  5.2
Shields        | 5 8 |  8.0
Short Blades   | 3 |  3.6
Hexes          | 8 |  8.0
Spellcasting   | 3 |  3.0

Action                   |  1- 3 |  4- 6 |  7- 9 | 10-12 | 13-15 | 16-18 || total
-------------------------+-------+-------+-------+-------+-------+-------++-------
Melee: Falchion          |    81 |    81 |   132 |   286 |    75 |       ||   655
       Bite              |     8 |    14 |    31 |   135 |   403 |   234 ||   825
       Unarmed           |       |     1 |       |       |     2 |     1 ||     4
       Dagger            |       |    39 |   272 |   819 |   890 |       ||  2020
       Kick              |       |       |    80 |   167 |       |       ||   247
       Short sword       |       |       |       |     9 |       |       ||     9
       Headbutt          |       |       |       |    63 |   170 |   442 ||   675
       Long sword        |       |       |       |       |  1283 |   205 ||  1488
       Great sword       |       |       |       |       |   557 |   798 ||  1355
       Rapier            |       |       |       |       |       |   175 ||   175
       Scimitar          |       |       |       |       |       |   681 ||   681
 Fire: Hunting sling     |       |       |       |       |       |    17 ||    17
Throw: Stone             |       |       |       |     2 |       |       ||     2
 Cast: Blink             |       |       |       |       |       |     3 ||     3
       Tukima's Dance    |       |       |       |       |       |     3 ||     3
       Confuse           |       |       |       |       |       |     1 ||     1
 Abil: Bat Form          |       |     2 |     2 |    10 |    15 |    14 ||    43
       End Transformatio |       |     2 |     2 |    10 |    15 |    13 ||    42
       Evoke Invisibilit |       |       |       |     2 |     2 |    12 ||    16
Evoke: Wand              |       |       |     3 |    12 |    17 |    18 ||    50
  Use: Scroll            |     3 |     3 |    10 |     6 |    23 |    29 ||    74
       Potion            |     1 |     6 |    10 |    34 |    64 |    57 ||   172
 Stab: Sleeping          |     1 |     7 |     6 |    11 |    23 |    44 ||    92
       Confused          |       |       |     5 |       |    20 |     5 ||    30
       Paralysed         |       |       |     3 |     1 |     2 |       ||     6
       Distracted        |       |       |     1 |     4 |    15 |    12 ||    32
       Petrified         |       |       |       |    12 |     1 |       ||    13
       Invisible         |       |       |       |     3 |    12 |    76 ||    91
       Petrifying        |       |       |       |     5 |     1 |       ||     6
Armor: Leather armour    |    26 |    23 |    91 |   179 |   256 |       ||   575
       Troll leather arm |       |       |       |       |   206 |   342 ||   548
Dodge: Dodged            |    61 |    74 |   308 |   775 |  2287 |  1801 ||  5306
Block: Shield            |       |       |       |       |       |   499 ||   499
       Rpst.: Falchion   |    16 |    14 |    54 |    74 |    15 |       ||   173
       Long sword        |       |       |       |       |   265 |    39 ||   304
       Great sword       |       |       |       |       |   133 |   209 ||   342
       Scimitar          |       |       |       |       |       |    82 ||    82

Table legend:
 A = Spawn XP
 B = Non-spawn XP
 C = Spawn XP percentage of total XP
 D = Spawn monster count
 E = Non-spawn monster count
 F = Spawn count percentage of total count
 G = Total turns spent on level
                    A         B        C        D         E        F      G
               +---------+---------+-------+---------+---------+-------+---------
         Total |       0 |  357631 |   0.0 |       0 |    1322 |   0.0 | 46745
               +---------+---------+-------+---------+---------+-------+---------
           D:1 |       0 |      21 |   0.0 |       0 |      12 |   0.0 |   568
           D:2 |       0 |      39 |   0.0 |       0 |       9 |   0.0 |   416
           D:3 |       0 |     144 |   0.0 |       0 |      28 |   0.0 |   747
           D:4 |       0 |     506 |   0.0 |       0 |      27 |   0.0 |  1076
           D:5 |       0 |     200 |   0.0 |       0 |       6 |   0.0 |   718
           D:6 |       0 |    2000 |   0.0 |       0 |      30 |   0.0 |  1373
           D:7 |       0 |    1898 |   0.0 |       0 |      46 |   0.0 |  1464
           D:8 |       0 |    1895 |   0.0 |       0 |      32 |   0.0 |   906
           D:9 |       0 |    5064 |   0.0 |       0 |      38 |   0.0 |  1618
          D:10 |       0 |    6679 |   0.0 |       0 |      45 |   0.0 |  1449
          D:11 |       0 |    4137 |   0.0 |       0 |      33 |   0.0 |  1689
          D:12 |       0 |    6060 |   0.0 |       0 |      27 |   0.0 |  1109
          D:13 |       0 |   17639 |   0.0 |       0 |      66 |   0.0 |  1600
          D:14 |       0 |    7599 |   0.0 |       0 |      33 |   0.0 |  1153
          D:15 |       0 |    6996 |   0.0 |       0 |      19 |   0.0 |   727
        Lair:1 |       0 |    3892 |   0.0 |       0 |      16 |   0.0 |  1169
        Lair:2 |       0 |    9523 |   0.0 |       0 |      49 |   0.0 |  2308
        Lair:3 |       0 |    3110 |   0.0 |       0 |      23 |   0.0 |  1767
        Lair:4 |       0 |   11183 |   0.0 |       0 |      31 |   0.0 |  1890
        Lair:5 |       0 |    7908 |   0.0 |       0 |      42 |   0.0 |  1708
        Lair:6 |       0 |   19380 |   0.0 |       0 |      93 |   0.0 |  1526
      Shoals:1 |       0 |   16921 |   0.0 |       0 |      44 |   0.0 |  1407
      Shoals:2 |       0 |    9512 |   0.0 |       0 |      25 |   0.0 |  1124
      Shoals:3 |       0 |   22019 |   0.0 |       0 |      38 |   0.0 |  2448
      Shoals:4 |       0 |   27222 |   0.0 |       0 |      48 |   0.0 |  1185
      Spider:1 |       0 |   15715 |   0.0 |       0 |      45 |   0.0 |  1760
      Spider:2 |       0 |   10544 |   0.0 |       0 |      32 |   0.0 |  1161
      Spider:3 |       0 |   10302 |   0.0 |       0 |      32 |   0.0 |  1546
      Spider:4 |       0 |   40025 |   0.0 |       0 |      73 |   0.0 |  1615
         Orc:1 |       0 |    3484 |   0.0 |       0 |      40 |   0.0 |   993
         Orc:2 |       0 |   18171 |   0.0 |       0 |      96 |   0.0 |  2472
         Elf:1 |       0 |   28714 |   0.0 |       0 |      50 |   0.0 |  1335
         Elf:2 |       0 |   19436 |   0.0 |       0 |      31 |   0.0 |  1160
         Elf:3 |       0 |    8563 |   0.0 |       0 |      19 |   0.0 |   269
         IceCv |       0 |   11130 |   0.0 |       0 |      44 |   0.0 |  1289
               +---------+---------+-------+---------+---------+-------+---------

Table legend:
 A = Turns spent in this place as a percentage of turns spent in the entire game.
 B = Non-inter-level travel turns spent in this place as a percentage of non-inter-level travel turns spent in the entire game.
 C = Inter-level travel turns spent in this place as a percentage of turns spent in this place.
 D = Turns resting spent in this place as a percentage of non-inter-level travel turns spent in this place.
 E = Turns spent auto-exploring this place as a percentage of non-inter-level travel turns spent in this place.
 F = Non-inter-level travel turns spent in this place divided by the number of levels of this place that you've seen.
                   A       B       C       D       E      F
               +-------+-------+-------+-------+-------+----------------------
         Total | 100.0 | 100.0 |  11.3 |  20.9 |  33.3 | 1184.6
       Dungeon |  35.5 |  35.6 |  11.2 |  14.8 |  44.2 | 983.3
          Lair |  22.2 |  20.7 |  17.4 |  17.7 |  34.6 | 1427.3
        Shoals |  13.2 |  13.9 |   6.3 |  31.1 |  16.8 | 1444.0
   Spider Nest |  13.0 |  13.2 |  10.1 |  38.2 |  25.0 | 1367.2
  Orcish Mines |   7.4 |   7.4 |  11.2 |  20.9 |  28.3 | 1538.0
   Elven Halls |   5.9 |   6.1 |   8.2 |   8.0 |  34.0 | 846.0
      Ice Cave |   2.8 |   3.1 |   0.0 |  20.0 |  18.9 | 1289.0
               +-------+-------+-------+-------+-------+----------------------

Table legend:
 A = Kills in this place as a percentage of kills in entire the game.
 B = Kills by you in this place as a percentage of kills by you in the entire game.
 C = Kills by friends in this place as a percentage of kills by friends in the entire game.
 D = Other kills in this place as a percentage of other kills in the entire game.
 E = Experience gained in this place as a percentage of experience gained in the entire game.
 F = Experience gained in this place divided by the number of levels of this place that you have seen.
                   A       B       C       D       E      F
               +-------+-------+-------+-------+-------+----------------------
         Total | 100.0 | 100.0 | 100.0 | 100.0 | 100.0 | 10218.0
       Dungeon |  34.1 |  35.0 |  16.7 |  41.7 |  17.0 | 4058.5
          Lair |  19.2 |  17.8 |  43.9 |  33.3 |  15.4 | 9166.0
        Shoals |  11.7 |  11.6 |  12.1 |  25.0 |  21.2 | 18918.5
   Spider Nest |  13.8 |  13.9 |  13.6 |   0.0 |  21.4 | 19146.5
  Orcish Mines |  10.3 |  10.8 |   3.0 |   0.0 |   6.1 | 10827.5
   Elven Halls |   7.6 |   7.6 |   7.6 |   0.0 |  15.9 | 18904.3
      Ice Cave |   3.3 |   3.4 |   3.0 |   0.0 |   3.1 | 11130.0
               +-------+-------+-------+-------+-------+----------------------
